 Dungeon Crawl Stone Soup version 0.24-a0-809-g71cb82dfb8 (webtiles) character file.

Game seed: 7174630195681196208, levelgen mode: deterministic

780 HumanIsDead the Magician (level 8, 0/52 HPs)
             Began as a Human Earth Elementalist on Oct 11, 2019.
             Slain by Duvessa
             ... wielding a +0 short sword
              (11 damage)
             ... on level 5 of the Dungeon.
             The game lasted 00:19:04 (6016 turns).

HumanIsDead the Magician (Human Earth Elementalist) Turns: 6016, Time: 00:19:06

Health: 0/52       AC:  3    Str:  8    XL:     8   Next: 10%
Magic:  9/16       EV: 12    Int: 18    God:
Gold:   230        SH:  0    Dex: 14    Spells: 10/18 levels left

rFire    . . .     SeeInvis .   f - +0 short sword
rCold    . . .     Gourm    .   (no shield)
rNeg     + . .     Faith    .   r - +1 robe {rN+}
rPois    +         Spirit   .   (no helmet)
rElec    .         Reflect  .   (no cloak)
rCorr    .         Harm     .   (no gloves)
MR       .....                  (no boots)
Stlth    ++........             (no amulet)
HPRegen  0.17/turn              n - ring of poison resistance
MPRegen  0.15/turn              (no ring)

@: no status effects
A: no striking features
a: no special abilities


You were on level 5 of the Dungeon.
You were very hungry.

You visited 1 branch of the dungeon, and saw 5 of its levels.

You collected 230 gold pieces.

Inventory:

Hand Weapons
 f - a +0 short sword (weapon)
Missiles
 b - 33 stones (quivered)
 g - 4 throwing nets
 w - 26 poisoned darts
Armour
 c - a +0 robe
 r - a +1 robe of positive energy (worn)
 t - a +0 large shield
Jewellery
 n - a ring of poison resistance (left hand)
 D - an uncursed amulet of the gourmand {unknown}
Wands
 v - a wand of random effects (20)
 z - a wand of paralysis (5)
 A - a wand of digging (4)
 B - a wand of flame (23)
Scrolls
 a - a scroll of enchant armour {unknown}
 e - 2 scrolls of fog {unknown}
 i - 5 scrolls of remove curse
 m - a scroll of amnesia {unknown}
 o - 4 scrolls of magic mapping {unknown}
 x - a scroll of immolation {unknown}
 y - a scroll of fear {unknown}
 E - a scroll of noise {unknown}
Potions
 d - 3 potions of brilliance {unknown}
 j - 3 potions of ambrosia
 k - a potion of mutation
 l - 3 potions of curing
 p - 2 potions of might
 q - a potion of haste {unknown}
 s - a potion of invisibility {unknown}
 u - 2 potions of magic {unknown}
 C - a potion of lignification {unknown}
Comestibles
 h - 6 rations


   Skills:
 - Level 2.0 Dodging
 - Level 2.0 Stealth
 + Level 5.7 Spellcasting
 - Level 4.0 Conjurations
 - Level 3.0 Transmutations
 - Level 4.1 Earth Magic


You had 10 spell levels left.
You knew the following spells:

 Your Spells              Type           Power        Failure   Level  Hunger
a - Sandblast             Erth           ###...       2%          1    None
b - Stone Arrow           Conj/Erth      ###...       7%          3    ##.....
c - Petrify               Tmut/Erth      ###.....     28%         4    ####...

Your spell library contained the following spells:

 Spells                   Type           Power        Failure   Level  Hunger
 Passwall                 Tmut/Erth      ###.....     4%          2    None
 Lee's Rapid Deconstruct  Erth           ###.......   54%         5    #####..


Dungeon Overview and Level Annotations

Branches:
Dungeon (5/15)
 Temple: D:4-7

Altars:
Elyvilon
Gozag
Nemelex Xobeh
Qazlal
Vehumet
Xom
Zin
The Shining One

Annotations:
D:5 Dowan, Duvessa


Message History

Duvessa is severely wounded.
Duvessa is no longer paralysed.
Duvessa barely misses you.
You hit Duvessa but do no damage.
Duvessa is severely wounded.
Duvessa barely misses you.
Evoke which item? (* to show all) (? for menu, Esc to quit)
Aiming: Paralyse
Press: ? - help, Shift-Dir - straight line, f/p - Duvessa
Aim: Duvessa, wielding a +0 short sword and wearing a +2 ring mail of poison resistance (severely wounded, chance to defeat MR: 28%) Duvessa easily resists.
Duvessa hits you with a +0 short sword.
* * * LOW HITPOINT WARNING * * *
Unknown command.
Evoke which item? (* to show all) (? for menu, Esc to quit)
Aiming: Paralyse
Press: ? - help, Shift-Dir - straight line, f/p - Duvessa
Aim: Duvessa, wielding a +0 short sword and wearing a +2 ring mail of poison resistance (severely wounded, chance to defeat MR: 28%) Duvessa easily resists.
Dowan says, "Magic and the sword, together, will defeat you."
Duvessa hits you with a +0 short sword!
You die...

### #############.#
#.............#######
#.###########.##.....
#.#..........).......
#.#.#######....#.####
####...#######.#..#.#
#......@ee†.##)#..#.#
#.#########.##.#..#.#
#.# #'##.#..#.# #.#
...#.#))#.#.## #.#
.S..#.#..#.#... #.#
...e.#.#..#.#### #.#
#.....#.#..#.# #.#
#.....#.#.>#.# #.#
#.....#.####.####


You could see Duvessa and Dowan.

Vanquished Creatures
  An ogre (D:4)
  A centaur (D:5)
  A howler monkey (D:5)
  3 crimson imps (D:5)
  A hound (D:5)
  An orc wizard (D:5)
  An iguana (D:4)
  6 worker ants
  Robin (D:4)
  4 gnolls (D:3)
  A howler monkey skeleton (D:5)
  5 adders
  A shadow imp (D:4)
  2 oozes
  2 adder skeletons (D:5)
  2 worms
  4 dart slugs
  5 leopard geckos
  9 orcs
  2 giant cockroaches
  12 goblins
  7 hobgoblins
  15 jackals
  2 quokkas
  A ball python (D:2)
  5 bats
  2 frilled lizards (D:4)
  8 kobolds
  A leopard gecko skeleton (D:4)
  A leopard gecko zombie (D:5)
  6 rats
113 creatures vanquished.

Notes
Turn   | Place    | Note
-------+----------+-------------------------------------------
     0 | D:1      | HumanIsDead the Human Earth Elementalist began the quest
                  | for the Orb.
     0 | D:1      | Reached XP level 1. HP: 13/13 MP: 3/3
     2 | D:1      | Noticed a vine stalker
     2 | D:1      | Noticed a minotaur
     4 | D:1      | Noticed a troll
     6 | D:1      | Noticed a human
     6 | D:1      | Noticed a felid
     8 | D:1      | Noticed a vampire
     8 | D:1      | Noticed a halfling
    10 | D:1      | Noticed an elf
    10 | D:1      | Noticed a draconian
    12 | D:1      | Noticed a dwarf
    12 | D:1      | Noticed a formicid
    14 | D:1      | Noticed a demonspawn
    16 | D:1      | Noticed an octopode
    16 | D:1      | Noticed a ghoul
    18 | D:1      | Noticed a demigod
    18 | D:1      | Noticed a tengu
    20 | D:1      | Noticed a naga
    20 | D:1      | Noticed a gargoyle
    22 | D:1      | Noticed an ogre
    22 | D:1      | Noticed a merfolk
    24 | D:1      | Noticed a centaur
    26 | D:1      | Noticed a spriggan
   188 | D:1      | Reached XP level 2. HP: 19/19 MP: 5/5
   870 | D:2      | Reached XP level 3. HP: 23/24 MP: 0/6
  1155 | D:2      | Found a sparkling altar of Nemelex Xobeh.
  1492 | D:2      | Reached XP level 4. HP: 30/30 MP: 5/8
  1581 | D:2      | Learned a level 3 spell: Stone Arrow
  2466 | D:3      | Found an opulent altar of Gozag.
  2579 | D:3      | Reached skill level 1 in Conjurations
  2749 | D:3      | Reached skill level 3 in Spellcasting
  2749 | D:3      | Reached XP level 5. HP: 25/35 MP: 2/9
  2850 | D:3      | Found a glowing silver altar of Zin.
  2895 | D:3      | Found a stormy altar of Qazlal.
  3485 | D:3      | Found a faded altar of an unknown god.
  3673 | D:4      | Found a shimmering altar of Xom.
  3673 | D:4      | Noticed an ogre
  3684 | D:4      | Killed an ogre
  3684 | D:4      | Reached XP level 6. HP: 27/41 MP: 3/11
  3782 | D:4      | Learned a level 4 spell: Petrify
  3870 | D:4      | Found a glowing golden altar of the Shining One.
  3918 | D:4      | Noticed Robin
  3951 | D:4      | Reached skill level 4 in Spellcasting
  4163 | D:4      | Killed Robin
  4163 | D:4      | Reached XP level 7. HP: 46/46 MP: 9/13
  4769 | D:5      | Entered Level 5 of the Dungeon
  4912 | D:5      | Found a radiant altar of Vehumet.
  4948 | D:5      | Found a white marble altar of Elyvilon.
  5198 | D:5      | Reached skill level 5 in Spellcasting
  5585 | D:5      | Reached XP level 8. HP: 47/52 MP: 3/16
  5989 | D:5      | Noticed Duvessa
  5989 | D:5      | Noticed Dowan
  6016 | D:5      | Slain by Duvessa

Levels and vault maps discovered:
D:1:      kb_arrival_jail, layout_loops_ring, minmay_pentomino_w4
D:2:      layout_basic, lemuel_crystal_altar, minmay_tiny_reverse_x
D:3:      layout_loops_cross, nicolae_gozag_seed_capital, zin_academy,
          chequers_ecumenical_altar_lobes, nicolae_qazlal_general_emergency
D:4:      layout_rooms, xom_butterflies, marbit_many_paths,
          minmay_misc_feat_enclosed, uniq_robin
D:5:      layout_basic, vehumet_altar_wand_db, elyvilon_altar_5, first_ration,
          kennysheep_generic_room_2, uniq_pikel, uniq_duvessa

Skill      XL: |  1  2  3  4  5  6  7 |
---------------+----------------------+-----
Earth Magic    | 4 |  4.1
Conjurations   | 1 3 4 |  4.0
Spellcasting   | 3 4 5 |  5.7
Transmutations | 3 |  3.0
Dodging        | |  2.0
Stealth        | |  2.0

Action                   |  1- 3 |  4- 6 |  7- 9 || total
-------------------------+-------+-------+-------++-------
Melee: Short sword       |    14 |    99 |    44 ||   157
 Cast: Sandblast         |    34 |   101 |    41 ||   176
       Stone Arrow       |       |       |    25 ||    25
Evoke: Wand              |       |       |     3 ||     3
  Use: Scroll            |       |     5 |       ||     5
 Stab: Sleeping          |     2 |     4 |       ||     6
       Paralysed         |       |       |    10 ||    10
  Eat: Chunk             |     2 |     5 |     3 ||    10
       Ration            |       |     1 |     1 ||     2
Armor: Robe              |     4 |    35 |    19 ||    58
Dodge: Dodged            |    23 |   117 |    35 ||   175

Table legend:
 A = Non-vault XP
 B = Vault XP
 C = Vault XP percentage of total XP
 D = Non-vault monster count
 E = Vault monster count
 F = Vault count percentage of total count
                 A         B        C        D         E       F
            +---------+---------+-------+---------+---------+-------
      Total |     961 |     154 |  13.8 |      90 |      23 |  20.4
            +---------+---------+-------+---------+---------+-------
        D:1 |      16 |       9 |  36.0 |       8 |       6 |  42.9
        D:2 |      64 |       6 |   8.6 |      21 |       2 |   8.7
        D:3 |     149 |       4 |   2.6 |      32 |       2 |   5.9
        D:4 |     316 |      64 |  16.8 |      15 |      10 |  40.0
        D:5 |     416 |      71 |  14.6 |      14 |       3 |  17.6
            +---------+---------+-------+---------+---------+-------
